 Dungeon Crawl Stone Soup version 0.29-a0-997-gf6f7e2dfe7 (webtiles) character file.

Game seed: 12397435040109849045

37 Newt the Insei (level 3, -8/23 HPs)
             Began as an Octopode Transmuter on Aug 4, 2022.
             Mangled by Sigmund
             ... wielding a +0 scythe
              (12 damage)
             ... on level 2 of the Dungeon.
             The game lasted 00:03:24 (2157 turns).

Newt the Insei (Octopode Transmuter)                Turns: 2157, Time: 00:03:24

Health: -8/23      AC:  1    Str: 11    XL:     3   Next: 39%
Magic:  4/6        EV: 11    Int: 15    God:
Gold:   46         SH:  6    Dex: 12    Spells: 3/6 levels left

rFire   . . .      SeeInvis .     - Unarmed
rCold   . . .      Faith    .   c - +0 kite shield
rNeg    . . .      Spirit   .   (helmet restricted)
rPois   .          Reflect  .   (no amulet)
rElec   .          Harm     .   (no ring)
rCorr   .          Rampage  .   (no ring)
Will    .....                   (no ring)
Stlth   +++.......              (no ring)
HPRegen 0.07/turn               (no ring)
MPRegen 0.10/turn               (no ring)
                                (no ring)
                                (no ring)

@: no status effects
A: almost no armour, amphibious, 8 rings, camouflage 1, gelatinous body 1,
(nimble swimmer 1), tentacles
a: no special abilities


You were on level 2 of the Dungeon.
You visited 1 branch of the dungeon, and saw 2 of its levels.

You collected 46 gold pieces.

Inventory:

Armour
 c - a +0 kite shield (worn)
Potions
 b - a potion of degeneration
 g - a potion of resistance {unknown}
 h - a potion of brilliance
 i - a potion of berserk rage {unknown}
 k - a potion of curing {unknown}
 l - a potion of mutation {unknown}


   Skills:
 + Level 1.0 Fighting
 + Level 2.1 Dodging
 + Level 1.2 Stealth
 + Level 3.7 Unarmed Combat
 + Level 2.3 Spellcasting
 + Level 2.2 Transmutations


You had 3 spell levels left.
You knew the following spells:

 Your Spells              Type           Power      Damage    Failure   Level
a - Beastly Appendage     Tmut           16%        N/A       32%         1
b - Wereblood             Tmut           8%         N/A       43%         2

Your spell library contained the following spells:

 Spells                   Type           Power      Damage    Failure   Level
 Spider Form              Tmut/Pois      5%         N/A       83%         3
 Ice Form                 Ice/Tmut       5%         N/A       99%         4
 Dispersal                Tloc           0%         N/A       100%        6
 Disjunction              Tloc           0%         N/A       100%        8


Dungeon Overview and Level Annotations

Branches:
Dungeon (2/15)

Altars:

Annotations:
D:2 Sigmund


Innate Abilities, Weirdness & Mutations

You cannot wear most types of armour.
You are amphibious.
You can wear up to eight rings at the same time.
Your skin changes colour to match your surroundings (Stealth+).
Your rubbery body absorbs attacks. (AC +1, EV +1)
((You are camouflaged when in or above water. (Stealth+)))
You have tentacles for arms and can constrict up to eight enemies at once.


Message History

Casting: Beastly Appendage (safe; 32% risk of failure)
Confirm with . or Enter, or press ? or * to list all spells.
You miscast Beastly Appendage.
You are very lightly contaminated with residual magic.
Nothing appears to happen.
Casting: Beastly Appendage (safe; 32% risk of failure)
Confirm with . or Enter, or press ? or * to list all spells.
One of your tentacles grows a vicious spike.
Casting: Beastly Appendage (safe; 32% risk of failure)
Confirm with . or Enter, or press ? or * to list all spells.
The spell is quite dangerous to miscast (43% risk of failure)!
Continue anyway?
You miscast Wereblood.
Nothing appears to happen.
Your transformation is almost over.
Sigmund shouts!
Sigmund hits you from afar with a +0 scythe!
Ouch! That really hurt!
Found a stone staircase leading down.
Sigmund barely misses you.
You barely miss Sigmund. You grab Sigmund.
Your tentacle spike misses Sigmund.
You squeeze Sigmund.
Sigmund is lightly wounded.
You constrict Sigmund, but do no damage.
You tentacle-slap Sigmund.
You pierce Sigmund.
You squeeze Sigmund.
Sigmund is moderately wounded.
You constrict Sigmund. Sigmund casts a spell at you. The magic dart hits you!
* * * LOW HITPOINT WARNING * * *
Sigmund looks at you with fury.
Sigmund mumbles some strange words.
Sigmund flickers and vanishes!
Deactivating autopickup; reactivate with Ctrl-A.
Your magical contamination has completely faded away.
You barely miss something.
Your tentacle spike misses something.
You constrict something. Something hits you but does no damage.
You closely miss something. You constrict something.
You tentacle-slap something.
Your tentacle spike disappears.
You constrict something. Something hits you!
Ouch! That really hurt!
You die...

#.#...##.#
#.......#
#.<##.
...##+#
#.#
#.#.#####
#..##. ##
#.# #.#.#
#.....
#.###.#.#
##.###
#.......#
#.#
#####.###
#.# #.#
#.# #.#
#.# #@#
....>.{.#
.########


There were no monsters in sight!

Vanquished Creatures
  A dart slug (D:1)
  8 ball pythons (D:1)
  2 endoplasms (D:1)
  2 goblins (D:1)
  A hobgoblin (D:1)
  4 quokkas (D:1)
  3 bats (D:1)
  4 frilled lizards (D:1)
  4 kobolds (D:1)
  3 rats
32 creatures vanquished.

Notes
Turn   | Place    | Note
-------+----------+-------------------------------------------
     0 | D:1      | Newt the Octopode Transmuter began the quest for the Orb.
     0 | D:1      | Reached XP level 1. HP: 13/13 MP: 3/3
   194 | D:1      | Reached XP level 2. HP: 10/18 MP: 5/5
   765 | D:1      | Reached skill level 1 in Stealth
   847 | D:1      | Reached XP level 3. HP: 19/23 MP: 6/6
  1566 | D:2      | Noticed Sigmund
  1573 | D:2      | Learned a level 2 spell: Wereblood
  2157 | D:2      | Mangled by Sigmund

Illustrated notes

Levels and vault maps discovered:
D:1:      dpeg_arrival_signposts, layout_loops_ring
D:2:      layout_loops_corners, hellmonk_ecumenical_altar_watching_god,
          uniq_sigmund

Skill      XL: |  1  2 |
---------------+-------+-----
Stealth        | 1 |  1.2
Fighting       | |  1.0
Dodging        | |  2.1
Unarmed Combat | |  3.7
Spellcasting   | |  2.3
Transmutations | |  2.2

Action                   || total
-------------------------++-------
Melee: Unarmed           ||    65
       Constrict         ||    21
       Tentacles         ||    12
       Kick              ||     6
       Punch             ||     1
 Cast: Beastly Appendage ||     5
  Use: Scroll            ||     5
       Potion            ||     4
 Stab: Sleeping          ||     5
Armor: Skin              ||    24
Dodge: Dodged            ||    26
Block: Kite shield       ||    15

Table legend: (Time is in decaauts)
 A = Elapsed time spent in this place.
 B = Non-inter-level travel time spent in this place.
 C = Inter-level travel time spent in this place.
 D = Time resting spent in this place.
 E = Time spent auto-exploring this place.
 F = Levels seen in this place.
 G = Mean time per level.
                   A        B        C        D        E       F      G
               +--------+--------+--------+--------+--------+-----+--------+
         Total |   2146 |   1921 |    225 |      0 |   1596 |   2 | 1073.0 |
       Dungeon |   2146 |   1921 |    225 |      0 |   1596 |   2 | 1073.0 |
               +--------+--------+--------+--------+--------+-----+--------+

Top non-repeatable levels by time:
     D:1: 1961 daAuts
     D:2: 185 daAuts
